Map: New Gettysburg LE

Players

Nickos - Winner!

  • Race: Terran Terran
  • League: Gold

PrideInDeath

  • Race: Terran Terran
  • League: Diamond

VOD

Have the link to the VOD?

Description

Time

  • Played on: Sept. 27, 2016, 7:44 a.m.
  • Length: 14:08
Show
View Real Time Build Order
Export as new Build Order

Nickos Terran - Winner!

Build Orders:  

Get SALT Encoding   

  12  0:01  SCV  
  13  0:13  SCV  
  14  0:19  Supply Depot  
  14  0:25  SCV  
  15  0:40  SCV  
  15  0:42  Barracks  
  16  0:52  SCV  
  17  1:04  SCV  
  18  1:17  SCV  
  19  1:20  Command Center  
  19  1:28  Marine  
  20  1:33  Orbital Command  
  20  1:44  Barracks  
  20  1:51  Marine  
  21  1:56  Supply Depot  
  21  1:59  SCV  
  22  2:09  Marine  
  23  2:17  SCV  
  23  2:27  Marine  
  23  2:28  Barracks  
  23  2:29  SCV  
  25  2:32  Refinery  
  25  2:33  Refinery  
  25  2:34  Orbital Command  
  25  2:38  Marine  
  25  2:41  SCV  
  27  3:00  SCV  
  27  3:01  SCV  
  31  3:12  SCV  
  32  3:13  SCV  
  32  3:16  Supply Depot  
  32  3:18  Barracks Tech Lab  
  32  3:20  Barracks Reactor  
  32  3:22  Barracks Reactor  
  32  3:24  SCV  
  32  3:25  SCV  
  33  3:36  SCV  
  33  3:37  SCV  
  33  3:40  Factory  
  35  3:42  Supply Depot  
  36  3:48  SCV  
  36  3:49  SCV  
  37  4:00  SCV  
  38  4:07  Marine  
  38  4:08  Marine x3  
  38  4:09  SCV  
  43  4:12  SCV  
  43  4:16  Marine, Stimpack  
  45  4:20  Supply Depot  
  45  4:23  Factory Reactor  
  45  4:28  Starport  
  45  4:32  SCV  
  45  4:33  SCV  
  45  4:34  Marine x4  
  45  4:35  Marine  
  52  4:40  Engineering Bay x2  
  52  4:44  SCV  
  52  4:45  SCV  
  54  4:52  Command Center  
  53  4:56  SCV  
  53  4:57  SCV  
  54  5:06  Marine x3  
  57  5:09  SCV x2  
  57  5:12  Supply Depot  
  59  5:14  Marine  
  59  5:15  Marine  
  59  5:16  Medivac  
  59  5:17  Medivac  
  59  5:19  Widow Mine  
  59  5:21  SCV x2  
  69  5:23  Marine  
  69  5:25  Refinery  
  69  5:26  Terran Infantry Weapons Level 1  
  69  5:27  Marine  
  70  5:29  Marine  
  70  5:32  Marine  
  66  5:37  Marine  
  66  5:40  SCV x2  
  69  5:44  Liberator  
  69  5:58  Marine x2  
  69  5:59  Marine x3  
  77  6:05  Orbital Command  
  77  6:14  Barracks x2  
  77  6:15  Barracks  
  77  6:16  Marine x3  
  77  6:17  Marine  
  75  6:36  Marine x3  
  75  6:37  Marine x2  
  80  6:40  Medivac  
  80  6:44  Medivac  
  84  6:54  Marine x3  
  81  7:05  Marine  
  81  7:06  Marine  
  82  7:12  Marine x3  
  79  7:22  Barracks Tech Lab x2  
  75  7:23  Marine x2  
  75  7:29  Orbital Command  
  75  7:32  Medivac  
  75  7:33  Medivac  
  75  7:34  Terran Infantry Armor Level 1  
  79  7:37  Armory, Marine  
  79  7:38  Marine x2  
  82  7:46  Marauder x3  
  82  7:51  Marine  
  89  7:52  SCV x2  
  89  7:53  Refinery  
  89  7:55  Marine  
  89  7:58  Marine  
  93  8:02  Supply Depot  
  93  8:06  Supply Depot  
  93  8:19  Supply Depot  
  93  8:20  Supply Depot  
  93  8:24  Medivac, SCV x3, Marauder, Marine  
  93  8:25  Marine x4  
  93  8:26  Medivac, Marauder  
  109  8:36  SCV  
  109  8:40  Command Center  
  110  8:43  Marine x3  
  110  8:45  Marauder  
  110  8:47  Marauder  
  117  8:51  Marine x3  
  117  8:54  Medivac  
  117  8:55  Supply Depot  
  122  8:56  Supply Depot  
  122  8:57  Terran Infantry Weapons Level 2  
  122  9:01  Marine  
  122  9:02  Marauder  
  110  9:19  Marine  
  110  9:20  Marine x3  
  110  9:21  Marauder x2  
  110  9:23  Marauder  
  120  9:32  Marine  
  120  9:34  Medivac x2  
  120  9:37  Marine  
  120  9:38  Marine  
  127  9:43  Marauder x2  
  127  9:44  Marauder  
  121  9:53  Marine  
  121  9:54  Marine x2  
  122  10:03  Medivac, Marine  
  122  10:04  Marauder, Marine x2  
  122  10:05  Marine  
  104  10:11  Marine x2  
  104  10:12  Marine  
  107  10:20  Medivac  
  107  10:21  Marine  
  107  10:22  Marauder  
  107  10:24  Marauder  
  107  10:25  Marauder  
  111  10:33  Medivac  
  111  10:35  SCV x3  
  116  10:40  Orbital Command  
  116  10:44  Marauder  
  116  10:45  Marauder  
  116  10:47  Marauder  
  116  10:48  Command Center  
  122  10:50  Medivac  
  103  11:05  Marauder  
  103  11:06  Marauder  
  102  11:12  Marine x4  
  102  11:13  Marine x2  
  104  11:26  Marauder, SCV x3  
  104  11:27  Terran Infantry Weapons Level 3, Terran Infantry Armor Level 2  
  104  11:28  Marauder  
  104  11:30  Supply Depot  
  104  11:31  Marauder  
  113  11:32  Supply Depot  
  113  11:33  Supply Depot  
  113  11:37  Liberator  
  113  11:40  Marine, SCV  
  113  11:41  Marine x3  
  118  11:52  Marauder x2  
  118  11:53  Barracks Reactor, Marauder  
  124  12:00  Marine x2  
  124  12:01  Marine x2  
  130  12:05  Orbital Command  
  131  12:13  Marauder, Marine  
  134  12:22  Refinery  
  134  12:23  Refinery  
  133  12:31  Marine x3  
  123  12:43  Marine  
  123  12:44  Marine  
  117  12:46  Marine x4  
  117  12:49  Marine x3  
  125  13:04  Marine x3  
  125  13:05  Marine x2  
  124  13:08  Marine x2  
  124  13:09  Marine x2  
  124  13:22  Marine  
  124  13:23  Marauder x2  
  124  13:27  Marauder, Marine x4  
  127  13:28  Marine  
  132  13:40  Marine  
  131  13:44  Marauder, Marine  
  131  13:45  Marauder  
  131  13:46  Marine x3  
  131  13:47  Marine  
Show
View Real Time Build Order
Export as new Build Order

PrideInDeath Terran 

Build Orders: Mech 

Get SALT Encoding   

  12  0:01  SCV  
  13  0:13  SCV  
  14  0:26  Supply Depot, SCV  
  15  0:47  Refinery  
  15  0:48  SCV  
  16  0:50  Barracks  
  16  1:00  SCV  
  17  1:12  SCV  
  18  1:24  SCV  
  19  1:39  Reaper, Supply Depot  
  20  1:40  Orbital Command  
  20  2:07  SCV  
  21  2:13  Command Center  
  21  2:19  Reaper  
  22  2:23  SCV  
  23  2:31  Refinery  
  23  2:32  Factory  
  23  2:35  SCV  
  24  2:39  Supply Depot  
  24  2:47  SCV  
  26  3:00  Barracks Reactor  
  26  3:01  SCV  
  26  3:07  Engineering Bay  
  26  3:13  SCV  
  27  3:23  Factory  
  27  3:26  Orbital Command  
  27  3:27  SCV  
  28  3:39  SCV  
  29  3:46  Barracks Tech Lab  
  29  3:47  Hellion x2  
  33  3:51  SCV  
  34  4:01  SCV  
  35  4:03  SCV  
  35  4:05  Refinery  
  36  4:12  Starport  
  36  4:13  SCV  
  37  4:17  SCV  
  37  4:22  Missile Turret  
  37  4:23  Missile Turret  
  38  4:24  Barracks Reactor  
  38  4:25  SCV  
  38  4:28  Hellion x2  
  38  4:30  Hellion  
  45  4:32  Infernal Pre-Igniter  
  45  4:33  SCV  
  45  4:36  Supply Depot  
  45  4:38  SCV  
  47  4:44  Armory  
  47  4:45  SCV  
  48  4:50  SCV  
  49  4:57  SCV  
  48  5:01  Hellion x2, Siege Tank  
  48  5:02  SCV  
  56  5:09  SCV  
  57  5:14  SCV  
  58  5:21  SCV  
  58  5:25  Command Center  
  51  5:36  Liberator, Hellion x2  
  51  5:37  Siege Tank  
  56  5:52  Medivac  
  56  5:55  Terran Vehicle Weapons Level 1, SCV  
  62  6:12  Supply Depot  
  62  6:13  Supply Depot  
  62  6:14  Supply Depot  
  62  6:18  Refinery  
  62  6:23  SCV x2  
  62  6:24  Siege Tank  
  62  6:28  Hellion  
  62  6:34  Hellion  
  62  6:35  SCV x2  
  64  6:51  Hellion  
  64  6:55  SCV  
  56  7:22  Liberator x2  
  53  7:26  Hellion x2, Siege Tank  
  66  7:46  Factory  
  66  7:49  Terran Vehicle And Ship Armor Level 1  
  66  7:55  SCV x2  
  66  7:56  Hellion x2  
  66  7:57  Orbital Command  
  72  8:00  Hellion  
  74  8:07  SCV  
  75  8:12  Barracks Tech Lab  
  75  8:19  SCV  
  77  8:20  Liberator, Factory, SCV  
  77  8:21  Siege Tank  
  77  8:25  Refinery  
  84  8:27  Hellion x2  
  84  8:29  SCV  
  84  8:32  SCV x2  
  87  8:35  Command Center  
  90  8:45  Missile Turret x2  
  90  8:46  Missile Turret x2  
  90  8:49  Missile Turret  
  90  8:52  Hellion  
  92  8:56  SCV  
  92  9:01  Hellion  
  92  9:02  Hellion, SCV x2  
  93  9:08  Hellion, SCV  
  72  9:13  Hellion  
  72  9:14  SCV x2  
  75  9:20  SCV  
  75  9:21  Factory Tech Lab  
  64  9:43  Hellion x4  
  69  9:57  Hellion  
  65  10:02  SCV  
  65  10:04  Hellion x2  
  65  10:05  Siege Tank  
  67  10:11  Orbital Command  
  62  10:18  Siege Tank  
  61  10:22  SCV  
  61  10:25  Refinery x2  
  62  10:30  Hellion x2  
  62  10:31  Factory Reactor  
  66  10:37  Siege Tank  
  66  10:40  SCV, Factory  
  66  10:41  Terran Vehicle Weapons Level 2  
  48  11:22  Hellion x4  
  48  11:23  Siege Tank x2  
  63  11:25  SCV x2  
  63  11:27  Refinery  
  63  11:29  Refinery, Factory Tech Lab  
  64  11:34  Terran Infantry Weapons Level 1  
  64  11:40  Hellion x2, SCV  
  64  11:46  SCV  
  64  11:47  SCV  
  67  11:49  Hellion x2  
  67  11:50  Hellion x3, Command Center  
  77  11:55  Siege Tank x2  
  83  12:05  Command Center, SCV x2  
  84  12:10  SCV  
  84  12:11  Hellion  
  84  12:12  Hellion x3  
  93  12:26  Hellion  
  93  12:30  Siege Tank x2  
  57  12:44  Hellion x3  
  57  12:45  Hellion  
  55  12:58  Missile Turret  
  29  13:15  Orbital Command  
  14  13:25  SCV  
  14  13:29  Hellion  
  14  13:30  Hellion x6  
  27  13:41  SCV  
Tags
 
Composition
Mech
Matchup
TvT
Race
Terran
Replay Pack
Nickos replay
Add a new tag
Caveats
  • Supply blocks, unpowered buildings, or Contaminate may cause inaccurate times.
  • Supply counts are checked every 10 seconds.